 Dungeon Crawl Stone Soup version 0.29.1-1-gd02db6906a (webtiles) character file.

Game seed: 1820541843810280381

1454 GigaChad the Ducker (level 9, -4/69 HPs)
             Began as a Human Fighter on Oct 4, 2022.
             Was an Initiate of Okawaru.
             Slain by an ogre
             ... wielding a +0 giant club
              (13 damage)
             ... on level 5 of the Dungeon.
             The game lasted 00:13:42 (5006 turns).

GigaChad the Ducker (Human Fighter)                 Turns: 5006, Time: 00:13:43

Health: -4/69      AC: 22    Str: 21    XL:     9   Next: 5%
Magic:  9/9        EV:  8    Int:  8    God:    Okawaru [......]
Gold:   227        SH:  4    Dex: 13    Spells: 8/8 levels left

rFire   + . .      SeeInvis .   a - +2 long sword (protect)
rCold   . . .      Faith    .   c - +0 buckler
rNeg    . . .      Spirit   .   n - +0 plate armour
rPois   .          Reflect  .   z - +0 helmet
rElec   .          Harm     .   x - +0 cloak
rCorr   .          Rampage  .   (no gloves)
Will    .....                   (no boots)
Stlth   ..........              j - amulet of regeneration
HPRegen 1.01/turn               p - ring of protection from fire
MPRegen 0.11/turn               (no ring)

@: under a protective aura
A: no striking features
a: Renounce Religion


You were on level 5 of the Dungeon.
You worshipped Okawaru.
Okawaru was noncommittal.
You visited 1 branch of the dungeon, and saw 5 of its levels.

You collected 227 gold pieces.

Inventory:

Hand Weapons
 a - a +2 long sword of protection (weapon)
 u - a +0 halberd
Armour
 b - a +1 scale mail
 c - a +0 buckler (worn)
 n - a +0 plate armour (worn)
 w - a scarf of harm
 x - a +0 cloak (worn)
 z - a +0 helmet (worn)
Jewellery
 e - an amulet of reflection
 j - an amulet of regeneration (around neck)
 p - a ring of protection from fire (left hand)
 A - an amulet of faith
Scrolls
 i - 2 scrolls of magic mapping
 m - a scroll of teleportation
 v - a scroll of poison
 y - 2 scrolls of identify
Potions
 d - 2 potions of might
 f - 2 potions of curing {unknown}
 g - 2 potions of degeneration {unknown}
 h - 2 potions of magic {unknown}
 k - a potion of mutation {unknown}
 l - a potion of haste {unknown}
 o - 3 potions of heal wounds {unknown}
 q - a potion of brilliance {unknown}
 r - a potion of attraction {unknown}
 s - 2 potions of cancellation {unknown}
 t - 3 potions of flight {unknown}


   Skills:
 - Level 6.0 Fighting
 - Level 2.0 Long Blades
 - Level 5.6 Armour
 + Level 7.5 Dodging
 - Level 3.2 Shields


You had 8 spell levels left.
You didn't know any spells.
Your spell library contained the following spells:

 Spells                   Type           Power      Damage    Failure   Level
 Slow                     Hex            0%         N/A       100%        1
 Scorch                   Fire           0%         2d5       100%        2
 Confusing Touch          Hex            0%         N/A       100%        3
 Vampiric Draining        Necr           0%         2d6       100%        3
 Flame Wave               Conj/Fire      0%         2d4       100%        4
 Summon Cactus Giant      Summ           Unusable   N/A       N/A         6

Dungeon Overview and Level Annotations

Branches:
Dungeon (5/15)
 Temple: D:4-7

Altars:
Elyvilon
Gozag
Makhleb
Nemelex Xobeh
Okawaru
Uskayaw
Xom

Shops:
D:5 (


Message History

The gnoll is heavily wounded.
The gnoll hits you but does no damage. x3
You barely miss the gnoll.
The gnoll is heavily wounded.
The gnoll hits you from afar with a +0 halberd.
The gnoll barely misses you. The gnoll hits you with a +0 flail.
You hit the gnoll.
The gnoll is severely wounded.
The gnoll barely misses you. The gnoll hits you with a +0 flail.
The gnoll barely misses you. x2; The gnoll closely misses you.
You block the gnoll's attack.
You hit the gnoll.
You kill the gnoll!
Okawaru accepts your kill.
The gnoll hits you but does no damage. x2
You completely miss the ogre.
The ogre hits you with a +0 giant club!!
* * * LOW HITPOINT WARNING * * *
The gnoll hits you but does no damage. The gnoll barely misses you.
You hit the ogre.
The ogre is moderately wounded.
The gnoll hits you but does no damage.
The gnoll hits you from afar with a +0 halberd.
* * * LOW HITPOINT WARNING * * *
The ogre hits you with a +0 giant club!
* * * LOW HITPOINT WARNING * * *
The gnoll hits you but does no damage. The gnoll completely misses you.
As you read the scroll labelled SEISUISYVU, it crumbles to dust.
You assume a fearsome visage.
The ogre resists with some effort.
The gnoll looks frightened! x2; It was a scroll of fear.
The ogre closely misses you.
You hit the ogre.
The ogre is moderately wounded.
You hit the ogre.
The ogre is moderately wounded.
You block the ogre's attack.
You hit the ogre.
The ogre is heavily wounded.
The ogre hits you with a +0 giant club!
You die...

#.#.#####..........#.##[.).)...#
#.#.# ########.#.#.#######...#
..#.# #.#.#.# #...# ###.#
#.....# #...## ###.# #######
#####.##### #..... ....# #.....#
#.......###...## #####
#.....######.#.#........... ...#
#.....g...##.#............. ##.#
#.....###.@O...g........... ##.#
#.....# ####.#.###.......## .#.#
####### ##........_...... .#.##
##### #....#.._......##
....###...# #.####.........#
###...#...### #.####._..⌠.._.#
#.#.......#####.##...........#
#.#........).)†.##.#.§_..._.##
#.........########.#..^._...#


You could see an ogre and 2 gnolls.

Vanquished Creatures
  Prince Ribbit (D:5)
  An ice beast (D:5)
  2 ogres (D:5)
  A centaur (D:5)
  A phantom (D:5)
  3 scorpions
  A necrophage (D:4)
  A jelly (D:5)
  An orc priest (D:4)
  A hound (D:5)
  3 iguanas
  Natasha (thrice) (D:3)
  An orc wizard (D:4)
  13 gnolls
  6 adders
  A white imp (D:5)
  An ufetubus (D:3)
  2 dart slugs
  12 orcs
  5 bats
  8 endoplasms
  3 giant cockroaches
  35 goblins
  29 hobgoblins
  3 jackals (D:3)
  5 quokkas
  4 ball pythons
  3 frilled lizards
  9 kobolds
  3 rats
162 creatures vanquished.

Notes
Turn   | Place    | Note
-------+----------+-------------------------------------------
     0 | D:1      | GigaChad the Human Fighter began the quest for the Orb.
     0 | D:1      | Reached XP level 1. HP: 18/18 MP: 1/1
   253 | D:1      | Reached XP level 2. HP: 21/24 MP: 2/2
   383 | D:1      | Found a faded altar of an unknown god.
   431 | D:1      | Reached XP level 3. HP: 29/29 MP: 3/3
   727 | D:2      | Reached XP level 4. HP: 37/37 MP: 4/4
  1343 | D:3      | Reached skill level 5 in Fighting
  1343 | D:3      | Reached XP level 5. HP: 13/44 MP: 5/5
  1886 | D:3      | Noticed Natasha
  1891 | D:3      | Killed Natasha
  1960 | D:3      | Noticed Natasha
  1965 | D:3      | Killed Natasha
  2112 | D:3      | Noticed Natasha
  2117 | D:3      | Killed Natasha
  2118 | D:3      | Reached XP level 6. HP: 51/52 MP: 6/6
  2942 | D:4      | Reached XP level 7. HP: 58/58 MP: 7/7
  3247 | D:4      | Reached skill level 5 in Armour
  3522 | D:4      | Reached skill level 1 in Dodging
  3779 | D:4      | Reached skill level 2 in Dodging
  4028 | D:5      | Entered Level 5 of the Dungeon
  4041 | D:5      | Reached skill level 3 in Dodging
  4279 | D:5      | Reached XP level 8. HP: 64/64 MP: 8/8
  4282 | D:5      | Reached skill level 4 in Dodging
  4329 | D:5      | Found an iron altar of Okawaru.
  4334 | D:5      | Found a white marble altar of Elyvilon.
  4357 | D:5      | Reached skill level 5 in Dodging
  4440 | D:5      | Reached skill level 6 in Dodging
  4527 | D:5      | Found a hide-covered altar of Uskayaw.
  4527 | D:5      | Found a burning altar of Makhleb.
  4529 | D:5      | Found a sparkling altar of Nemelex Xobeh.
  4529 | D:5      | Found a shimmering altar of Xom.
  4530 | D:5      | Found an opulent altar of Gozag.
  4668 | D:5      | Became a worshipper of Warmaster Okawaru
  4706 | D:5      | Found Segomadd's Weapon Shoppe.
  4708 | D:5      | Noticed Prince Ribbit
  4868 | D:5      | Killed Prince Ribbit
  4869 | D:5      | Reached skill level 7 in Dodging
  4869 | D:5      | Reached XP level 9. HP: 57/69 MP: 9/9
  5006 | D:5      | Slain by an ogre

Illustrated notes

Levels and vault maps discovered:
D:1:      dpeg_arrival_rooms_with_view, layout_rooms,
          shapermc_ecumenical_altar_notcrosses
D:2:      layout_loops_ring
D:3:      layout_basic, uniq_natasha
D:4:      minmay_goblin_kobold_castle, layout_rooms
D:5:      layout_loops_cross, grunt_temple_overflow_open, serial_shops,
          nicolae_shop_bloodbath_and_beyond, uniq_prince_ribbit1

Skill      XL: |  1  2  3  4  5  6  7  8 |
---------------+-------------------------+-----
Fighting       | 4 5 6 |  6.0
Armour         | 4 5 |  5.6
Dodging        | 3 7 |  7.5
Long Blades    | |  2.0
Shields        | |  3.2

Action                   |  1- 3 |  4- 6 |  7- 9 || total
-------------------------+-------+-------+-------++-------
Melee: Long sword        |   110 |   165 |   365 ||   640
  Use: Scroll            |     6 |     5 |     5 ||    16
Armor: Scale mail        |    94 |       |       ||    94
       Plate armour      |    36 |   204 |   443 ||   683
Dodge: Dodged            |    67 |    73 |   223 ||   363
Block: Buckler           |    37 |    52 |   126 ||   215
